 Dungeon Crawl Stone Soup version 0.22-a0-417-g1387785 (webtiles) character file.

2 galech the Magician (level 1, -2/13 HPs)
             Began as a Gnoll Wanderer on May 14, 2018.
             Slain by an ooze (4 damage)
             ... on level 1 of the Dungeon.
             The game lasted 00:00:21 (73 turns).

galech the Magician (Gnoll Wanderer)                  Turns: 73, Time: 00:00:22

Health: -2/13      AC:  2    Str: 14    XL:     1   Next: 40%
Magic:  8/8        EV: 11    Int: 15    God:
Gold:   9          SH:  4    Dex: 13    Spells: 14/14 levels left

rFire    . . .     SeeInvis .   e - +0 club
rCold    . . .     Gourm    .   c - +0 buckler
rNeg     . . .     Faith    .   d - +0 robe
rPois    .         Spirit   .   (no helmet)
rElec    .         Reflect  .   (no cloak)
rCorr    .         Harm     .   (no gloves)
MR       .....                  (no boots)
Stlth    ++........             (no amulet)
HPRegen  0.04/turn              (no ring)
MPRegen  0.11/turn              (no ring)

@: no status effects
A: distributed training, fangs 1, strong nose
a: no special abilities


You were on level 1 of the Dungeon.
You were not hungry.

You visited 1 branch of the dungeon, and saw 1 of its levels.

You collected 9 gold pieces.

Inventory:

Hand Weapons
 e - a +0 club (weapon)
Missiles
 g - 20 stones (quivered)
Armour
 c - a +0 buckler (worn)
 d - a +0 robe (worn)
Scrolls
 b - a scroll of remove curse {unknown}
Comestibles
 a - a chunk of flesh
 f - a ration


   Skills:
 + Level 0.0 Fighting
 + Level 0.0 Short Blades
 + Level 0.0 Long Blades
 + Level 0.0 Axes
 + Level 0.0 Maces & Flails
 + Level 0.0 Polearms
 + Level 0.0 Staves
 + Level 0.0 Slings
 + Level 0.0 Bows
 + Level 0.0 Crossbows
 + Level 0.0 Throwing
 + Level 0.0 Armour
 + Level 0.0 Dodging
 + Level 2.1 Stealth
 + Level 2.3 Shields
 + Level 0.0 Unarmed Combat
 + Level 7.0 Spellcasting
 + Level 0.0 Conjurations
 + Level 0.0 Hexes
 + Level 0.0 Charms
 + Level 0.0 Summonings
 + Level 0.0 Necromancy
 + Level 0.0 Translocations
 + Level 0.0 Transmutations
 + Level 0.0 Fire Magic
 + Level 0.0 Ice Magic
 + Level 0.0 Air Magic
 + Level 3.6 Earth Magic
 + Level 5.3 Poison Magic
 + Level 0.1 Invocations
 + Level 0.0 Evocations


You had 14 spell levels left.
You didn't know any spells.
Your spell library contained the following spells:

 Spells                   Type           Power        Failure   Level  Hunger
 Mephitic Cloud           Conj/Pois/Air  ##......     22%         3    ##.....
 Sting                    Conj/Pois      ##..         5%          1    None
 Stone Arrow              Conj/Erth      ##....       22%         3    ##.....
 Passwall                 Tmut/Erth      ##........   12%         2    None
 Lee's Rapid Deconstruct  Erth           ###.......   69%         5    #####..
 Sandblast                Erth           ###...       3%          1    None
 Petrify                  Tmut/Erth      ##......     58%         4    ####...


Dungeon Overview and Level Annotations

Branches:
Dungeon (1/15)

Altars:


Innate Abilities, Weirdness & Mutations

Your experience applies equally to all skills.
You have very sharp teeth.
Your uncanny sense of smell can sniff out nearby items.


Message History

You hit the ooze but do no damage.
The ooze is lightly wounded.
The ooze misses you. You block the ooze's attack.
You hit the ooze.
The ooze is moderately wounded.
You block the ooze's attack.
You hit the ooze but do no damage.
The ooze is moderately wounded.
The ooze misses you.
You hit the ooze. You bite the ooze, but do no damage.
The ooze is heavily wounded.
The ooze hits you. x2
* * * LOW HITPOINT WARNING * * *
You hit the ooze. You bite the ooze.
The ooze is severely wounded.
The ooze hits you but does no damage.
You hit the ooze.
The ooze is severely wounded.
The ooze hits you.
You die...

.. #.###.# .. ... #. #.#
#.# # ###. ... #.#####.#
#.#.# ....... .
##.#.....J.###.#.# ..#.# ..
.................# .... ..#
#####.........######.##....
#.######.......).......
#..######....###.##....
#....J@.#...K....# .
#.########.#.....# #.#
#......###### #..
...##.#!....... ...
................ #..
....###....###.. #. ...
#..#.# # . ...... ##..#.##


You could see an ooze.

Vanquished Creatures
  A goblin (D:1)
  A kobold (D:1)
2 creatures vanquished.

Notes
Turn   | Place    | Note
-------+----------+-------------------------------------------
     0 | D:1      | galech the Gnoll Wanderer began the quest for the Orb.
     0 | D:1      | galech set off with: a +0 buckler, a +0 robe, a +0 club, a ration
     0 | D:1      | Reached XP level 1. HP: 13/13 MP: 8/8
    73 | D:1      | Slain by an ooze

Vault maps used:
D:1:      dpeg_arrival_tiny_j, serial_bayou_crossing

Action                   || total
-------------------------++-------
Melee: Club              ||    14
       Bite              ||     3
Armor: Robe              ||     2
Dodge: Dodged            ||     3
Block: Buckler           ||     4

Table legend:
 A = Spawn XP
 B = Non-spawn XP
 C = Spawn XP percentage of total XP
 D = Spawn monster count
 E = Non-spawn monster count
 F = Spawn count percentage of total count
 G = Total turns spent on level
                    A         B        C        D         E        F      G
               +---------+---------+-------+---------+---------+-------+---------
         Total |       0 |       4 |   0.0 |       0 |       2 |   0.0 |    73
               +---------+---------+-------+---------+---------+-------+---------
           D:1 |       0 |       4 |   0.0 |       0 |       2 |   0.0 |    73
               +---------+---------+-------+---------+---------+-------+---------
